PL
AUSTIN RANGERS @ DETROIT RENAISSANCE
06/16/2027
 
TOP OF THE 1ST
Austin Rangers batting - Pitching for Detroit Renaissance : RHP José Juárez
Pitching: RHP José Juárez
Batting: RHB Miguel Morán 0-0: Called Strike
0-1: SINGLE (Groundball, 56) (infield hit)
Batting: LHB Enrique Sánchez 0-0: Swinging Strike
0-1: Called Strike
0-2: Strikes out swinging
Batting: LHB Count Dante 0-0: Ball
1-0: Called Strike
Miguel Morán steals 2nd base
1-1: Ground out 4-3 (Groundball, 4)
Miguel Morán to third
Batting: LHB Jesús Reyes 0-0: SINGLE (Groundball, 3D)
Miguel Morán scores
Batting: SHB Xavier Vásquez 0-0: Swinging Strike
0-1: Swinging Strike
0-2: Ground out 4-3 (Groundball, 4S)
Top of the 1st over - 1 run(s), 2 hit(s), 0 error(s), 1 left on base; Austin 1 - Detroit 0
BOTTOM OF THE 1ST
Detroit Renaissance batting - Pitching for Austin Rangers : RHP Kyle Boddy
Pitching: RHP Kyle Boddy
Batting: RHB Kyle Bywaters 0-0: Called Strike
0-1: Ball
1-1: Ball
2-1: Called Strike
2-2: Foul Ball, location: 2F
2-2: Strikes out swinging
Batting: LHB Yoichibei Sato 0-0: Called Strike
0-1: Ball
1-1: Ball
2-1: Called Strike
2-2: Foul Ball, location: 2F
2-2: Ball
3-2: Foul Ball, location: 2F
3-2: SINGLE (Groundball, 4MD)
Batting: LHB Gustavo Cortéz 0-0: Ball
1-0: Fly out, F8 (Line Drive, 8LM)
Batting: LHB Juan González 0-0: Fly out, F6 (Popup, 6D)
Bottom of the 1st over - 0 run(s), 1 hit(s), 0 error(s), 1 left on base; Austin 1 - Detroit 0
TOP OF THE 2ND
Austin Rangers batting - Pitching for Detroit Renaissance : RHP José Juárez
Batting: RHB Jeff Green 0-0: Foul Ball, location: 2F
0-1: Swinging Strike
0-2: Strikes out swinging
Batting: LHB Héctor Cortéz 0-0: Swinging Strike
0-1: Fly out, F8 (Flyball, 78D)
Batting: RHB Matt Sheppard 0-0: Foul Ball, location: 2F
0-1: Ground out 5-3 (Groundball, 56)
Top of the 2nd over - 0 run(s), 0 hit(s), 0 error(s), 0 left on base; Austin 1 - Detroit 0
BOTTOM OF THE 2ND
Detroit Renaissance batting - Pitching for Austin Rangers : RHP Kyle Boddy
Batting: LHB Ray Sears 0-0: Foul Ball, location: 2F
0-1: Ball
1-1: Foul Ball, location: 2F
1-2: Strikes out swinging
Batting: RHB Brent Ryan 0-0: Fly out, F7 (Flyball, 78D)
Batting: SHB Valentín Guzmán 0-0: Ball
1-0: Ball
2-0: Ball
3-0: Called Strike
3-1: Ground out U3 (Groundball, 34)
Bottom of the 2nd over - 0 run(s), 0 hit(s), 0 error(s), 0 left on base; Austin 1 - Detroit 0
TOP OF THE 3RD
Austin Rangers batting - Pitching for Detroit Renaissance : RHP José Juárez
Batting: RHB Rodney Hanna 0-0: Called Strike
0-1: Foul Ball, location: 2F
0-2: Foul Ball, location: 2F
0-2: Foul Ball, location: 2F
0-2: Ground out 1-3 (Groundball, 13S)
Batting: RHB Miguel Morán 0-0: Called Strike
0-1: Fly out, F8 (Flyball, 8RM)
Batting: LHB Enrique Sánchez 0-0: Ground out 5-3 (Groundball, 56S)
Top of the 3rd over - 0 run(s), 0 hit(s), 0 error(s), 0 left on base; Austin 1 - Detroit 0
BOTTOM OF THE 3RD
Detroit Renaissance batting - Pitching for Austin Rangers : RHP Kyle Boddy
Batting: RHB Bernardo Herrera 0-0: Ball
1-0: Ground out 6-3 (Groundball, 6S)
Batting: RHB Eric D'Angle 0-0: Swinging Strike
0-1: Foul Ball, location: 2F
0-2: Ball
1-2: Ball
2-2: Strikes out swinging
Batting: RHB Kyle Bywaters 0-0: Ball
1-0: Called Strike
1-1: Ball
2-1: Fly out, F9 (Flyball, 9S)
Bottom of the 3rd over - 0 run(s), 0 hit(s), 0 error(s), 0 left on base; Austin 1 - Detroit 0
TOP OF THE 4TH
Austin Rangers batting - Pitching for Detroit Renaissance : RHP José Juárez
Batting: LHB Count Dante 0-0: Ball
1-0: Called Strike
1-1: Ball
2-1: Swinging Strike
2-2: Ball
3-2: Foul Ball, location: 2F
3-2: SINGLE (Line Drive, 6D)
Batting: LHB Jesús Reyes 0-0: Called Strike
0-1: Called Strike
0-2: Fly out, F9 (Flyball, 89M)
Batting: SHB Xavier Vásquez 0-0: Ball
Count Dante is caught stealing 2nd base
1-0: SINGLE (Line Drive, 34)
Batting: RHB Jeff Green 0-0: Ball
1-0: Ball
2-0: SINGLE (Line Drive, 7S)
Xavier Vásquez to second
Batting: LHB Héctor Cortéz 0-0: Called Strike
0-1: SINGLE (Line Drive, 8LS)
Xavier Vásquez to third
Jeff Green to second
Runner from 3rd tries for Home, SAFE, no throw
Batting: RHB Matt Sheppard 0-0: Fielders Choice at 2nd, 6-4 (Groundball, 6)
Top of the 4th over - 1 run(s), 4 hit(s), 0 error(s), 1 left on base; Austin 2 - Detroit 0
BOTTOM OF THE 4TH
Detroit Renaissance batting - Pitching for Austin Rangers : RHP Kyle Boddy
Batting: LHB Yoichibei Sato 0-0: Called Strike
0-1: Ball
1-1: Ball
2-1: Foul Ball, location: 2F
2-2: Strikes out swinging
Batting: LHB Gustavo Cortéz 0-0: Called Strike
0-1: Ball
1-1: Fly out, F7 (Line Drive, 7)
Batting: LHB Juan González 0-0: Foul Ball, location: 2F
0-1: Swinging Strike
0-2: Strikes out swinging
Bottom of the 4th over - 0 run(s), 0 hit(s), 0 error(s), 0 left on base; Austin 2 - Detroit 0
TOP OF THE 5TH
Austin Rangers batting - Pitching for Detroit Renaissance : RHP José Juárez
Batting: RHB Rodney Hanna 0-0: Ground out 6-3 (Groundball, 6)
Batting: RHB Miguel Morán 0-0: Called Strike
0-1: Fly out, F4 (Line Drive, 4)
Batting: LHB Enrique Sánchez 0-0: Ground out 4-3 (Groundball, 4)
Top of the 5th over - 0 run(s), 0 hit(s), 0 error(s), 0 left on base; Austin 2 - Detroit 0
BOTTOM OF THE 5TH
Detroit Renaissance batting - Pitching for Austin Rangers : RHP Kyle Boddy
Batting: LHB Ray Sears 0-0: Ball
1-0: Foul Ball, location: 2F
1-1: Foul Ball, location: 2F
1-2: Strikes out swinging
Batting: RHB Brent Ryan 0-0: Ball
1-0: Fly out, F7 (Flyball, 7D)
Batting: SHB Valentín Guzmán 0-0: Ground out U3 (Groundball, 34)
Bottom of the 5th over - 0 run(s), 0 hit(s), 0 error(s), 0 left on base; Austin 2 - Detroit 0
TOP OF THE 6TH
Austin Rangers batting - Pitching for Detroit Renaissance : RHP José Juárez
Batting: LHB Count Dante 0-0: Ball
1-0: Called Strike
1-1: Ball
2-1: Ball
3-1: Fly out, F7 (Line Drive, 7LM)
Batting: LHB Jesús Reyes 0-0: Called Strike
0-1: Ball
1-1: Ball
2-1: Ball
3-1: Ground out 3-1 (Groundball, 34S)
Batting: SHB Xavier Vásquez 0-0: Ground out 4-3 (Groundball, 34)
Top of the 6th over - 0 run(s), 0 hit(s), 0 error(s), 0 left on base; Austin 2 - Detroit 0
BOTTOM OF THE 6TH
Detroit Renaissance batting - Pitching for Austin Rangers : RHP Kyle Boddy
Batting: RHB Bernardo Herrera 0-0: Ball
1-0: Fly out, F4 (Line Drive, 4M)
Batting: RHB Eric D'Angle 0-0: Called Strike
0-1: Called Strike
0-2: Foul Ball, location: 2F
0-2: Ball
1-2: Ball
2-2: Fly out, F6 (Popup, 6D)
Batting: RHB Kyle Bywaters 0-0: Ball
1-0: Fly out, F4 (Popup, 4)
Bottom of the 6th over - 0 run(s), 0 hit(s), 0 error(s), 0 left on base; Austin 2 - Detroit 0
TOP OF THE 7TH
Austin Rangers batting - Pitching for Detroit Renaissance : RHP José Juárez
Batting: RHB Jeff Green 0-0: Called Strike
0-1: Ball
1-1: Swinging Strike
1-2: Ball
2-2: Ball
3-2: Foul Ball, location: 2F
3-2: Foul Ball, location: 2F
3-2: Foul Ball, location: 2F
3-2: Base on Balls
Batting: LHB Héctor Cortéz 0-0: Sac Bunt - play at second, runner OUT! 1-6
Batting: RHB Matt Sheppard 0-0: SINGLE (Groundball, 56D)
Héctor Cortéz to second
Batting: RHB Rodney Hanna 0-0: Ball
1-0: Ball
2-0: Called Strike
2-1: Foul Ball, location: 2F
2-2: Strikes out swinging
Batting: RHB Miguel Morán 0-0: Ball
1-0: Ball
2-0: Ball
3-0: Called Strike
3-1: Fly out, F5 (Popup, 5D)
Top of the 7th over - 0 run(s), 1 hit(s), 0 error(s), 2 left on base; Austin 2 - Detroit 0
BOTTOM OF THE 7TH
Detroit Renaissance batting - Pitching for Austin Rangers : RHP Kyle Boddy
Batting: LHB Yoichibei Sato 0-0: Swinging Strike
0-1: Ball
1-1: Ball
2-1: Fly out, F8 (Line Drive, 8LM)
Batting: LHB Gustavo Cortéz 0-0: Called Strike
0-1: Fly out, F8 (Flyball, 8RS)
Batting: LHB Juan González 0-0: Ball
1-0: Foul Ball, location: 2F
1-1: Foul Ball, location: 2F
1-2: Ball
2-2: Ball
3-2: Ground out 3-1 (Groundball, 34)
Bottom of the 7th over - 0 run(s), 0 hit(s), 0 error(s), 0 left on base; Austin 2 - Detroit 0
TOP OF THE 8TH
Austin Rangers batting - Pitching for Detroit Renaissance : RHP José Juárez
Batting: LHB Enrique Sánchez 0-0: Ball
1-0: Swinging Strike
1-1: Hit by Pitch
Batting: LHB Count Dante 0-0: Ball
1-0: Ball
2-0: Fly out, F3 (Line Drive, 3S)
Batting: LHB Jesús Reyes 0-0: 2-RUN HOME RUN (Flyball, 9D), Distance : 368 ft
Batting: SHB Xavier Vásquez 0-0: Ball
1-0: Ground out 4-3 (Groundball, 34)
Batting: RHB Jeff Green 0-0: Ball
1-0: Ball
2-0: SINGLE (Groundball, 34D)
Batting: LHB Héctor Cortéz 0-0: Foul Ball, location: 2F
0-1: Ball
1-1: Ball
2-1: Ball
3-1: Foul Ball, location: 2F
3-2: Foul Ball, location: 2F
3-2: SINGLE (Line Drive, 9S)
Jeff Green to second
Jeff Green to third
Batting: RHB Matt Sheppard 0-0: Called Strike
0-1: Ball
1-1: Fly out, F7 (Line Drive, 7)
Top of the 8th over - 2 run(s), 3 hit(s), 0 error(s), 2 left on base; Austin 4 - Detroit 0
BOTTOM OF THE 8TH
Detroit Renaissance batting - Pitching for Austin Rangers : RHP Kyle Boddy
Batting: LHB Ray Sears 0-0: Ball
1-0: Ground out 4-3 (Groundball, 4)
Batting: RHB Brent Ryan 0-0: Swinging Strike
0-1: Ball
1-1: Ball
2-1: Called Strike
2-2: Strikes out swinging
Batting: SHB Valentín Guzmán 0-0: Called Strike
0-1: Swinging Strike
0-2: Strikes out swinging
Bottom of the 8th over - 0 run(s), 0 hit(s), 0 error(s), 0 left on base; Austin 4 - Detroit 0
TOP OF THE 9TH
Austin Rangers batting - Pitching for Detroit Renaissance : RHP José Juárez
Batting: RHB Rodney Hanna 0-0: Ball
1-0: Called Strike
1-1: Called Strike
1-2: Ball
2-2: Foul Ball, location: 2F
2-2: Ball
3-2: Base on Balls
Batting: RHB Miguel Morán 0-0: Called Strike
0-1: Swinging Strike
0-2: Ball
1-2: Foul Ball, location: 2F
1-2: Fly out, F9 (Flyball, 9S)
Batting: LHB Enrique Sánchez 0-0: Ball
1-0: Foul Ball, location: 2F
1-1: Foul Ball, location: 2F
1-2: Ball
2-2: Fly out, F7 (Flyball, 78S)
Batting: LHB Count Dante 0-0: Foul Ball, location: 2F
0-1: Called Strike
Rodney Hanna steals 2nd base
0-2: Reached on error, E3 (Groundball, 34)
Rodney Hanna scores
Pitching: RHP Esteban Ruíz
Batting: LHB Jesús Reyes 0-0: Swinging Strike
0-1: Called Strike
0-2: SINGLE (Line Drive, 8RS)
Count Dante to third
Runner from 3rd tries for Home, SAFE, no throw
Batting: SHB Xavier Vásquez 0-0: Called Strike
0-1: Ball
1-1: Ball
2-1: Swinging Strike
2-2: Fly out, F8 (Flyball, 8LM)
Top of the 9th over - 2 run(s), 1 hit(s), 1 error(s), 1 left on base; Austin 6 - Detroit 0
BOTTOM OF THE 9TH
Detroit Renaissance batting - Pitching for Austin Rangers : RHP Kyle Boddy
Batting: RHB Bernardo Herrera 0-0: Called Strike
0-1: Ground out 4-3 (Groundball, 34)
Batting: RHB Eric D'Angle 0-0: Ground out 6-3 (Groundball, 6)
Batting: RHB Kyle Bywaters 0-0: Called Strike
0-1: Foul Ball, location: 2F
0-2: Foul Ball, location: 2F
0-2: Ball
1-2: Hit by Pitch
Batting: LHB Yoichibei Sato 0-0: Ball
Passed Ball!
Kyle Bywaters to second
1-0: Swinging Strike
1-1: Ground out U3 (Groundball, 3)
Bottom of the 9th over - 0 run(s), 0 hit(s), 0 error(s), 1 left on base; Austin 6 - Detroit 0
Saturday, May 26th, 2018 - OOTP Baseball 17.12 Build 75